 Dungeon Crawl Stone Soup version 0.20-a0-1126-g0f15420 (webtiles) character file.

154 HAL9000 the Slasher (level 5, -2/30 HPs)
             Began as a Gargoyle Gladiator on May 17, 2017.
             Was a Follower of Uskayaw.
             Killed by divine providence
             ... invoked by an orc priest
              (13 damage)
             ... on level 3 of the Dungeon.
             The game lasted 00:02:46 (2344 turns).

HAL9000 the Slasher (Gargoyle Gladiator)            Turns: 2344, Time: 00:02:46

Health: -2/30      AC:  9    Str: 19    XL:     5   Next: 35%
Magic:  5/5        EV: 12    Int:  8    God:    Uskayaw [*.....]
Gold:   124        SH:  0    Dex: 11    Spells: 4/4 levels left

rFire    . . .     SeeInvis .   a - +0 long sword
rCold    + . .     Gourm    .   (no shield)
rNeg     + . .     Faith    .   b - +0 leather armour
rPois    ∞         Spirit   .   c - +0 helmet
rElec    +         Reflect  .   (no cloak)
rCorr    .         Harm     .   (no gloves)
MR       .....                  l - +0 pair of boots
Stlth    +.........             (no amulet)
Regen    0.1/turn               s - ring of protection from cold
MPRegen  0.1/turn               (no ring)

@: no status effects
A: negative energy resistance 1, electricity resistance, unbreathing,
petrification resistance, rot immunity, AC +4
a: Stomp, Renounce Religion


You were on level 3 of the Dungeon.
You worshipped Uskayaw.
Uskayaw was noncommittal.
You were not hungry.

You visited 1 branch of the dungeon, and saw 3 of its levels.

You collected 124 gold pieces.

Inventory:

Hand Weapons
 a - a +0 long sword (weapon)
Missiles
 d - 3 throwing nets (quivered)
Armour
 b - a +0 leather armour (worn)
 c - a +0 helmet (worn)
 l - a +0 pair of boots (worn)
Jewellery
 s - a ring of protection from cold (left hand)
Scrolls
 h - 2 scrolls of amnesia {unknown}
 k - a scroll of teleportation {unknown}
 n - 2 scrolls of remove curse {unknown}
 p - a scroll of recharging {unknown}
 q - 2 scrolls of identify {unknown}
 t - 2 scrolls of magic mapping {unknown}
 u - a scroll of fear {unknown}
 v - a scroll of fog {unknown}
Potions
 m - a potion of resistance {unknown}
 o - a potion of experience {unknown}
 r - a potion of mutation {unknown}
Comestibles
 f - 4 bread rations
 g - 3 fruits
 i - a meat ration
 j - 2 royal jellies
 w - 3 chunks of flesh


   Skills:
 - Level 2.1 Fighting
 + Level 5.3 Long Blades
 - Level 1.7 Throwing
 - Level 2.4 Dodging


You had 4 spell levels left.
You didn't know any spells.

Dungeon Overview and Level Annotations

Branches:
Dungeon (3/15)

Altars:
Qazlal
Sif Muna
Trog
Uskayaw
The Shining One
Beogh


Innate Abilities, Weirdness & Mutations

You are resistant to torment.
Your stone body is resilient. (AC +4)
You are immune to poison.
You resist negative energy. (rN+)
You are resistant to electric shocks. (rElec)
You can survive without breathing.
You are immune to petrification.
You are immune to rotting.


Message History

An orc priest is wielding a whip of draining.
The orc is wielding a short sword of protection.
The orc priest shouts!
The orc shouts!
The orc priest shouts!
The hobgoblin shouts!
Found 100 gold pieces.
Found a roughly hewn altar of Beogh.
You hit the hobgoblin.
The hobgoblin is severely wounded.
The orc priest calls down the wrath of Beogh upon you.
Beogh smites you! The hobgoblin misses you.
You riposte.
You barely miss the hobgoblin.
The hobgoblin is severely wounded.
You closely miss the hobgoblin.
The hobgoblin is severely wounded.
The hobgoblin closely misses you.
You riposte.
You hit the hobgoblin.
You kill the hobgoblin!
The orc priest calls down the wrath of Beogh upon you.
Beogh smites you!
Unknown command.
The orc priest mumbles some strange prayers to Beogh against you.
Beogh smites you!
You die...

.# #.# #.# #.# ## #.#
#.#####.#########
#.#########...............#
######.##........####.########.#
..........##..........# #.#
##).......>..########.# #.#
.<.....####### #.# #.# ##.#####
######### #.# #.# #...#
#.(..†@.# #.# #.# ###.#
#.#####o# #.# #.# #.# #)#
#.###.# #.# ####.######.#
#o##..# #.# ............#
.o.##.########.# ####.########
$8.8$#.......)..# ####.###
#$$$.$#.########## .......#
#.8.8$#.# .###.#.# ##$_.####


You could see 2 orc priests and an orc.

Vanquished Creatures
  A centaur (D:3)
  An adder (D:2)
  2 oozes
  A worm (D:3)
  A dart slug (D:2)
  An orc (D:3)
  3 bats
  4 giant cockroaches
  8 goblins
  10 hobgoblins
  8 kobolds
  A quokka (D:2)
  2 ball pythons
  10 rats
53 creatures vanquished.

Notes
Turn   | Place    | Note
-------+----------+-------------------------------------------
     0 | D:1      | HAL9000 the Gargoyle Gladiator began the quest for the Orb.
     0 | D:1      | Reached XP level 1. HP: 12/12 MP: 1/1
    84 | D:1      | Reached skill level 3 in Long Blades
   190 | D:1      | Reached XP level 2. HP: 8/17 MP: 2/2
   905 | D:2      | Reached XP level 3. HP: 13/21 MP: 3/3
  1151 | D:2      | Reached skill level 4 in Long Blades
  1245 | D:2      | Found a glowing golden altar of the Shining One.
  1245 | D:2      | Found a stormy altar of Qazlal.
  1251 | D:2      | Found a bloodstained altar of Trog.
  1253 | D:2      | Found a hide-covered altar of Uskayaw.
  1254 | D:2      | Found a deep blue altar of Sif Muna.
  1258 | D:2      | Became a worshipper of Uskayaw the Reveler
  1444 | D:3      | Reached * piety under Uskayaw
  1606 | D:3      | Reached XP level 4. HP: 26/26 MP: 4/4
  1722 | D:3      | Noticed a centaur
  1942 | D:3      | Killed a centaur
  1942 | D:3      | Reached skill level 5 in Long Blades
  1942 | D:3      | Reached XP level 5. HP: 22/30 MP: 1/5
  1942 | D:3      | Reached ** piety under Uskayaw
  2340 | D:3      | Found a roughly hewn altar of Beogh.
  2344 | D:3      | Killed from afar by an orc priest

Vault maps used:
D:1:      lemuel_arrival_river_ford
D:2:      chequers_temple_overflow_minitemple, first_bread
D:3:      kennysheep_orc_chapel

Skill      XL: |  1  2  3  4 |
---------------+-------------+-----
Long Blades    | 3 4 5 |  5.3
Fighting       | |  2.1
Throwing       | |  1.7
Dodging        | |  2.4

Action                   |  1- 3 |  4- 6 || total
-------------------------+-------+-------++-------
Melee: Long sword        |    94 |    30 ||   124
Invok: Stomp             |       |     1 ||     1
  Eat: Chunk             |     2 |     3 ||     5
Armor: Leather armour    |    34 |     9 ||    43
Dodge: Dodged            |    77 |    24 ||   101
       Rpst.: Long sword |    23 |     9 ||    32
